Map: Lost and Found LE

Players

HellraiseR

  • Race: Protoss Protoss
  • League: Master
  • Spawn Location: 1:00

Bly - Winner!

  • Race: Zerg Zerg
  • League: Master
  • Spawn Location: 7:00

Event: HomeStory Cup XVIII

VOD

Have the link to the VOD?

Description

Time

  • Played on: Nov. 23, 2018, 8:34 a.m.
  • Length: 13:20

All games in this series

Show
View Real Time Build Order
Export as new Build Order

HellraiseR Protoss 

Build Orders: 1 Gate Expand, Oracle Opening, Phoenix Opening, Archon Immortal 

Get SALT Encoding   

  12  0:00  Probe  
  13  0:12  Probe  
  14  0:19  Pylon  
  14  0:22  Probe  
  15  0:33  Probe  
  15  0:38  Gateway  
  16  0:44  Probe  
  16  0:47  Assimilator  
  17  0:56  Probe  
  18  1:08  Probe  
  19  1:25  Nexus  
  19  1:29  Probe  
  20  1:39  Cybernetics Core  
  20  1:42  Probe  
  21  1:49  Pylon  
  22  1:54  Probe  
  22  2:06  Probe  
  22  2:07  Adept  
  23  2:14  Assimilator  
  23  2:18  Probe  
  26  2:25  Adept  
  26  2:30  Probe  
  26  2:34  Probe  
  29  2:42  Probe x2  
  31  2:47  Stargate  
  32  2:52  Probe  
  32  2:53  Adept  
  32  2:54  Probe  
  36  3:04  Probe, Warp Gate  
  37  3:06  Probe  
  38  3:16  Probe  
  38  3:19  Probe  
  37  3:21  Oracle  
  36  3:28  Probe  
  36  3:31  Probe  
  39  3:39  Gateway  
  39  3:40  Probe  
  40  3:43  Probe  
  40  3:46  Assimilator  
  41  3:50  Phoenix, Shield Battery  
  41  3:51  Pylon  
  41  3:52  Probe  
  41  3:55  Probe  
  45  4:04  Probe  
  45  4:09  Probe  
  47  4:11  Pylon  
  47  4:15  Oracle  
  47  4:16  Probe  
  51  4:21  Probe  
  51  4:22  Adept  
  54  4:29  Probe  
  54  4:30  Pylon  
  55  4:33  Pylon  
  55  4:38  Assimilator  
  55  4:39  Probe  
  55  4:42  Oracle, Probe  
  57  4:46  Pylon  
  57  4:52  Probe  
  61  4:55  Probe  
  61  4:59  Robotics Facility  
  62  5:04  Probe  
  62  5:06  Zealot  
  65  5:07  Zealot, Probe  
  65  5:09  Oracle  
  68  5:16  Probe  
  68  5:20  Probe  
  68  5:21  Nexus  
  72  5:28  Probe  
  72  5:32  Pylon, Probe  
  74  5:36  Twilight Council  
  74  5:37  Forge  
  74  5:39  Sentry  
  74  5:40  Probe  
  77  5:44  Probe  
  76  5:52  Pylon  
  76  5:53  Probe  
  76  5:54  Protoss Ground Weapons Level 1  
  76  5:56  Probe  
  81  5:57  Observer  
  81  6:00  Zealot  
  81  6:04  Charge  
  82  6:05  Probe  
  82  6:08  Probe  
  82  6:10  Sentry  
  86  6:17  Probe  
  86  6:18  Templar Archives  
  84  6:21  Gateway  
  84  6:24  Gateway  
  84  6:25  Gateway  
  84  6:26  Zealot  
  84  6:28  Gateway  
  86  6:34  Gateway  
  86  6:35  Zealot  
  86  6:38  Probe  
  86  6:39  Probe x2  
  80  6:47  Adept  
  80  6:49  Gateway  
  80  6:50  Probe  
  80  6:51  Probe  
  80  6:52  Probe  
  85  6:56  Zealot  
  87  7:02  Probe  
  87  7:03  Probe  
  87  7:04  Probe  
  87  7:06  Immortal  
  89  7:08  Zealot  
  89  7:09  Psionic Storm  
  89  7:14  Probe  
  92  7:19  Assimilator  
  96  7:23  Probe  
  96  7:24  Assimilator  
  96  7:25  Pylon x2  
  96  7:27  Zealot  
  96  7:28  Zealot  
  100  7:35  Probe  
  99  7:39  Immortal  
  99  7:41  High Templar x3  
  105  7:45  Pylon, High Templar, Zealot  
  105  7:50  Photon Cannon  
  113  7:56  Protoss Ground Weapons Level 2  
  113  8:07  Phoenix  
  115  8:14  Photon Cannon  
  115  8:18  Immortal  
  118  8:23  Stalker x4  
  118  8:28  Probe  
  118  8:32  Phoenix  
  118  8:36  Probe  
  118  8:40  Archon  
  116  8:44  Probe x2  
  115  8:48  Probe  
  115  8:49  Stalker x3  
  115  8:53  Probe  
  117  8:56  Probe x2  
  117  9:01  Probe  
  114  9:04  Probe  
  114  9:08  High Templar, Probe  
  114  9:09  High Templar  
  120  9:10  Probe  
  120  9:14  Probe  
  122  9:20  Probe  
  122  9:22  Probe  
  122  9:23  Zealot x4  
  132  9:26  Archon  
  132  9:27  Probe  
  122  9:32  Probe  
  122  9:33  Zealot x2  
  122  9:34  Probe  
  105  9:39  Probe  
  105  9:41  Zealot x2  
  105  9:43  Zealot  
  105  9:44  Probe  
  93  9:46  Probe  
  93  9:49  Zealot  
  93  9:51  Probe  
  87  9:54  Immortal  
  87  9:56  Pylon, Probe  
  87  9:57  High Templar x4  
  87  9:58  Probe  
  95  10:01  Photon Cannon  
  95  10:03  Probe  
  100  10:15  High Templar x2  
  100  10:16  Zealot x2  
  100  10:19  Archon  
  100  10:21  Immortal  
  108  10:30  Zealot x4  
  120  10:39  Probe  
  120  10:40  Zealot  
  124  10:55  Immortal  
  123  11:00  Nexus  
  123  11:02  Photon Cannon  
  127  11:04  High Templar  
  127  11:05  High Templar  
  127  11:06  High Templar, Zealot  
  127  11:10  Archon  
  135  11:12  Pylon  
  135  11:16  Zealot  
  135  11:18  Probe x2  
  136  11:21  Zealot  
  135  11:33  Nexus, Observer  
  135  11:35  Zealot x3  
  138  11:45  High Templar x2  
  138  11:46  Zealot x3  
  148  11:49  Pylon  
  148  11:51  Archon  
  148  11:57  Photon Cannon  
  148  11:59  Shield Battery  
  148  12:05  Zealot x2  
  148  12:06  Zealot  
  146  12:11  Zealot  
  138  12:21  Zealot x3  
  105  12:22  Phoenix, Probe  
  127  12:27  Zealot  
  121  12:39  Stalker  
  121  12:40  Probe  
  121  12:42  Probe  
  121  12:43  Probe  
  122  12:47  Probe  
  121  12:52  Probe  
  128  12:59  High Templar x2  
  128  13:00  High Templar x2  
  128  13:05  High Templar, Archon x2  
  132  13:06  High Templar, Zealot  
  132  13:09  Assimilator  
  132  13:10  Archon  
Show
View Real Time Build Order
Export as new Build Order

Bly Zerg - Winner!

Build Orders: Hatch First 

Get SALT Encoding   

  12  0:01  Drone  
  13  0:12  Overlord  
  13  0:20  Drone  
  14  0:30  Drone x2  
  16  0:39  Drone  
  17  1:00  Hatchery  
  17  1:02  Drone  
  17  1:12  Drone  
  17  1:17  Spawning Pool  
  17  1:24  Extractor, Drone x2  
  18  1:26  Extractor  
  18  1:29  Drone  
  18  1:41  Extractor  
  18  1:47  Drone  
  18  1:52  Hatchery  
  18  2:01  Drone  
  18  2:06  Zergling x2  
  18  2:08  Queen  
  20  2:13  Drone  
  23  2:16  Drone  
  24  2:25  Queen  
  26  2:30  Overlord  
  26  2:38  Metabolic Boost  
  26  2:41  Zergling x2  
  26  2:43  Zergling x2  
  28  2:50  Drone x2  
  28  2:51  Drone  
  31  2:56  Zergling x4  
  33  3:06  Overlord  
  33  3:09  Overlord  
  33  3:14  Drone  
  33  3:15  Drone  
  35  3:20  Drone x3  
  35  3:24  Overlord  
  36  3:30  Drone x3  
  36  3:31  Drone  
  40  3:37  Zergling x2  
  40  3:39  Zergling x2  
  40  3:40  Zergling x2  
  43  3:43  Queen  
  43  3:47  Zergling x2  
  46  3:55  Zergling x2  
  46  3:56  Zergling x8  
  51  4:03  Drone x3  
  51  4:04  Queen  
  56  4:10  Drone  
  56  4:11  Drone x3  
  56  4:14  Spore Crawler  
  56  4:15  Spore Crawler  
  58  4:18  Overlord  
  58  4:23  Overlord  
  57  4:24  Overlord  
  56  4:34  Drone x4  
  56  4:37  Drone x3  
  61  4:42  Lair  
  61  4:44  Drone x3  
  64  4:50  Drone x3  
  66  4:56  Overlord  
  66  4:57  Extractor  
  66  4:59  Extractor  
  63  5:00  Zergling x2  
  63  5:01  Zergling x8  
  64  5:08  Extractor  
  64  5:09  Drone x3  
  64  5:13  Drone  
  67  5:17  Drone x3  
  67  5:18  Overlord  
  70  5:25  Zergling x6  
  70  5:26  Zergling x4  
  75  5:34  Drone  
  76  5:38  Spore Crawler  
  72  5:50  Evolution Chamber  
  72  5:51  Hydralisk Den  
  72  5:53  Zergling x20  
  77  5:58  Spire  
  77  6:00  Queen x2  
  79  6:09  Drone x2  
  79  6:10  Extractor  
  79  6:11  Extractor, Drone x2  
  79  6:13  Overlord  
  79  6:17  Spore Crawler  
  79  6:19  Hatchery, Spore Crawler  
  79  6:21  Drone  
  79  6:22  Drone, Spore Crawler  
  78  6:26  Drone x3  
  79  6:43  Drone x10  
  84  6:48  Drone  
  82  7:18  Overseer  
  82  7:19  Mutalisk  
  82  7:20  Mutalisk x10  
  104  7:35  Zergling x18  
  111  7:40  Muscular Augments  
  111  7:42  Baneling Nest  
  109  7:52  Drone x2  
  109  7:54  Overlord x2  
  109  7:55  Overlord x5  
  109  8:09  Hydralisk  
  111  8:13  Hydralisk x2  
  111  8:14  Hydralisk x9  
  133  8:20  Hydralisk x3  
  133  8:25  Hydralisk x3  
  141  8:39  Hydralisk x5  
  145  8:48  Hydralisk x4  
  149  9:07  Baneling x11  
  149  9:08  Zergling x14  
  149  9:09  Zergling x10  
  153  9:14  Overseer  
  153  9:16  Baneling x4  
  153  9:17  Baneling  
  152  9:26  Grooved Spines  
  144  9:33  Hatchery  
  144  9:36  Hydralisk x4  
  131  9:41  Zergling x22  
  131  9:45  Hydralisk x3  
  116  9:59  Drone x11  
  123  10:04  Evolution Chamber  
  120  10:09  Baneling x4  
  120  10:12  Extractor  
  119  10:14  Hydralisk x4  
  119  10:17  Zerg Flyer Weapons Level 1  
  119  10:18  Extractor  
  119  10:19  Baneling x3  
  121  10:46  Drone x5  
  121  10:47  Drone  
  121  10:48  Hydralisk x11  
  147  10:51  Zergling x6  
  147  10:56  Overseer  
  150  10:58  Zerg Melee Weapons Level 1  
  146  11:35  Mutalisk x7  
  146  11:37  Zergling x26  
  173  11:44  Overlord  
  173  11:47  Extractor  
  173  11:48  Zergling x2  
  173  11:49  Extractor  
  173  11:50  Overlord x4  
  173  11:51  Overlord  
  172  11:55  Infestation Pit  
  168  12:15  Mutalisk x8  
  159  12:29  Zergling x44  
  166  12:37  Mutalisk  
  166  12:38  Mutalisk  
  169  12:50  Hydralisk x6  
  180  13:02  Baneling x3  
  180  13:03  Baneling x6  
Tags
 
Add a new tag
Caveats
  • Supply blocks, unpowered buildings, or Contaminate may cause inaccurate times.
  • Supply counts are checked every 10 seconds.